 Dungeon Crawl Stone Soup version 0.27-a0-890-ged2907cb04 (webtiles) character file.

Game seed: 12664227363076189629

163 Kakkamies the Covered (level 5, 0/49 HPs)
             Began as a Deep Dwarf Fighter on Apr 5, 2021.
             Was an Initiate of Nemelex Xobeh.
             Slain by an orc wizard
             ... wielding a +0 dagger
              (2 damage)
             ... on level 4 of the Dungeon.
             The game lasted 00:10:09 (2413 turns).

Kakkamies the Covered (Deep Dwarf Fighter)          Turns: 2413, Time: 00:10:09

Health: 0/49       AC:  7    Str: 17 (20) XL:     5   Next: 20%
Magic:  4/4        EV:  7    Int:  7 (8)  God:    Nemelex Xobeh [......]
Gold:   160        SH:  9    Dex: 11 (13) Spells: 4/4 levels left

rFire    . . .     SeeInvis .   a - +0 war axe
rCold    . . .     Faith    .   c - +0 kite shield
rNeg     . . .     Spirit   .   b - +0 scale mail
rPois    .         Reflect  .   (no helmet)
rElec    .         Harm     .   (no cloak)
rCorr    .         Rampage  .   (no gloves)
Will     .....                  (no boots)
Stlth    ..........             (no amulet)
HPRegen  0.00/turn              (no ring)
MPRegen  0.09/turn              (no ring)

@: about to teleport, non-regenerating
A: damage resistance, heal wounds, sense surroundings 1, no regeneration
a: Heal Wounds, Renounce Religion, Draw Escape, Draw Destruction, Draw Summoning


You were on level 4 of the Dungeon.
You worshipped Nemelex Xobeh.
Nemelex Xobeh was noncommittal.
You visited 1 branch of the dungeon, and saw 4 of its levels.

You collected 160 gold pieces.

Inventory:

Hand Weapons
 a - a +0 war axe (weapon)
 e - a +0 trident
Missiles
 g - 12 boomerangs of dispersal
 h - 49 stones (quivered)
 j - 8 javelins
Armour
 b - a +0 scale mail (worn)
 c - a +0 kite shield (worn)
Scrolls
 f - a scroll of teleportation
 i - a scroll of identify {unknown}
 k - a scroll of acquirement {unknown}
Potions
 d - 2 potions of might


   Skills:
 + Level 3.3 Fighting
 + Level 3.7 Axes
 + Level 1.3 Throwing
 - Level 4.2 Armour
 - Level 0.5 Dodging
 - Level 0.1 Stealth
 - Level 3.9 Shields
 * Level 0.3 Invocations


You had 4 spell levels left.
You didn't know any spells.
Your spell library was empty.

Dungeon Overview and Level Annotations

Branches:
Dungeon (4/15)
 Temple: D:4-7

Altars:
Hepliaklqana
Nemelex Xobeh
Qazlal
Uskayaw
Vehumet
Yredelemnul
The Shining One

Annotations:
D:2 Sigmund


Innate Abilities, Weirdness & Mutations

You are resistant to damage.
You can heal yourself by infusing magical energy.
You passively map a small area around you.
You do not regenerate.


Message History

The orc priest mumbles some strange prayers to Beogh against you.
Beogh smites you!
* * * LOW HITPOINT WARNING * * *
Unknown command.
Your shield and scale mail prevent you from hitting the quokka.
The quokka bites you but does no damage.
The quokka bites you.
You miss the quokka. You miss something. The quokka bites you.
* * * LOW HITPOINT WARNING * * *
The orc priest miscasts a cantrip.
Something hits you.
* * * LOW HITPOINT WARNING * * *
The quokka barely misses you.
Unknown command.
It was a potion of degeneration.
There was something very wrong with that liquid.
You feel weakened.
You feel dopey.
You feel clumsy.
The quokka bites you but does no damage. x2
You closely miss the quokka. You closely miss something.
You hit the orc priest but do no damage.
You hear some strange, mumbled words.
A puff of flame appears from out of thin air!
The puff of flame hits you but does no damage.
The quokka closely misses you. You block the orc priest's attack.
You hear some strange, mumbled words.
Something tries to affect you, but you resist.
You hit the orc priest.
The orc priest is lightly wounded.
You hit the quokka but do no damage. You miss something.
The quokka twitches its whiskers.
You block the quokka's attack. You block the orc priest's attack.
Something hits you.
The quokka bites you but does no damage.
The orc priest barely misses you.
As you read the scroll labelled IFRERENLIF, it crumbles to dust.
You feel strangely unstable.
It was a scroll of teleportation.
The quokka bites you but does no damage.
Something hits you.
You die...
Your body disappears without a glow.

* , #.# ,
##.# #..#
* #..# *
#..# *
#..# #.)#
#..# **
#@{# , ,*
#ro# *
,#.o....#
#####.##
** #.# *
*#.# ,
..# ###


You could see an orc priest and a quokka.

Vanquished Creatures
  A scorpion (D:4)
  2 adders (D:2)
  An adder skeleton (D:4)
  4 dart slugs
  6 orcs (D:4)
  2 ball pythons
  5 bats
  3 endoplasms
  3 giant cockroaches
  6 goblins
  8 hobgoblins
  6 jackals
  4 kobolds
  A quokka (D:1)
  7 frilled lizards
  A jackal skeleton (D:4)
  6 rats
66 creatures vanquished.

Notes
Turn   | Place    | Note
-------+----------+-------------------------------------------
     0 | D:1      | Kakkamies the Deep Dwarf Fighter began the quest for the
                  | Orb.
     0 | D:1      | Reached XP level 1. HP: 20/20 MP: 1/1
   262 | D:1      | Reached XP level 2. HP: 25/27 MP: 2/2
   595 | D:1      | Reached XP level 3. HP: 23/34 MP: 3/3
   897 | D:2      | Reached skill level 1 in Throwing
   973 | D:2      | Found a faded altar of an unknown god.
  1187 | D:2      | Reached XP level 4. HP: 42/42 MP: 4/4
  1245 | D:2      | Noticed Sigmund
  1393 | D:3      | Found a glowing golden altar of the Shining One.
  1486 | D:3      | Found a basalt altar of Yredelemnul.
  1486 | D:3      | Found a stormy altar of Qazlal.
  1602 | D:3      | Found a hide-covered altar of Uskayaw.
  1759 | D:3      | Found a faded altar of an unknown god.
  1759 | D:3      | Found a hazy altar of Hepliaklqana.
  1762 | D:3      | Found a faded altar of an unknown god.
  1853 | D:3      | Reached skill level 4 in Armour
  1890 | D:3      | Found a radiant altar of Vehumet.
  2290 | D:4      | Noticed a scorpion
  2294 | D:4      | Killed a scorpion
  2295 | D:4      | Reached XP level 5. HP: 25/49 MP: 5/5
  2309 | D:4      | Found a sparkling altar of Nemelex Xobeh.
  2314 | D:4      | Became a worshipper of Nemelex Xobeh the Trickster
  2409 | D:4      | HP: 2/49 [something (1)]
  2413 | D:4      | Slain by an orc wizard

Illustrated notes

Levels and vault maps discovered:
D:1:      nicolae_arrival_somewhat_less_tricky_arrival, layout_basic,
          roderic_roman_lattice, moated_statue
D:2:      layout_rooms, shapermc_ecumenical_altar_hornbeckon, uniq_sigmund
D:3:      layout_loops_corners, nicolae_vehumet_altar_sigil, lemuel_tele_altar,
          nicolae_uskayaw_murder_on_the_dancefloor,
          nicolae_hepliaklqana_ecumenical_no_more,
          gammafunk_temple_overflow_wave
D:4:      layout_loops_ring, nemelex_spade_bored_becter, lemuel_crystal_altar,
          uniq_robin

Skill      XL: |  1  2  3  4 |
---------------+-------------+-----
Fighting       | 3 |  3.3
Throwing       | 1 |  1.3
Armour         | 4 |  4.2
Axes           | 3 |  3.7
Dodging        | |  0.5
Stealth        | |  0.1
Shields        | |  3.9
Invocations    | |  0.3

Action                   |  1- 3 |  4- 6 || total
-------------------------+-------+-------++-------
Melee: War axe           |    84 |    71 ||   155
Throw: Boomerang         |    49 |       ||    49
       Stone             |     7 |     1 ||     8
 Abil: Heal Wounds       |     1 |     2 ||     3
  Use: Scroll            |       |     1 ||     1
       Potion            |       |     1 ||     1
Armor: Scale mail        |    47 |    35 ||    82
Dodge: Dodged            |    30 |    21 ||    51
Block: Kite shield       |    51 |    36 ||    87

Table legend: (Time is in decaauts)
 A = Elapsed time spent in this place.
 B = Non-inter-level travel time spent in this place.
 C = Inter-level travel time spent in this place.
 D = Time resting spent in this place.
 E = Time spent auto-exploring this place.
 F = Levels seen in this place.
 G = Mean time per level.
                   A        B        C        D        E       F      G
               +--------+--------+--------+--------+--------+-----+--------+
         Total |   2541 |   2340 |    201 |      2 |   1701 |   4 |  635.2 |
       Dungeon |   2541 |   2340 |    201 |      2 |   1701 |   4 |  635.2 |
               +--------+--------+--------+--------+--------+-----+--------+

Top non-repeatable levels by time:
     D:1: 962 daAuts
     D:3: 900 daAuts
     D:2: 515 daAuts
     D:4: 162 daAuts
